 Dungeon Crawl Stone Soup version 0.24-a0-15-ge63ed06 (webtiles) character file.

Game seed: 6252141422368066374

33685 David the Whirler (level 14, -1/169 HPs)
             Began as a Human Hunter on Jan 31, 2019.
             Was a High Priest of Okawaru.
             Slain by a large abomination (22 damage)
             ... on level 3 of the Abyss.
             The game lasted 01:35:15 (14506 turns).

David the Whirler (Human Hunter)                   Turns: 14506, Time: 01:35:16

Health: -1/169     AC: 31    Str: 23    XL:     14   Next: 9%
Magic:  19/19      EV:  4    Int: 15    God:    Okawaru [*****.]
Gold:   761        SH:  4    Dex: 12    Spells: 13/13 levels left

rFire    . . .     SeeInvis .   T - +5 fustibalus "Motann" {flame, rPois rC+}
rCold    + . .     Gourm    .   k - +1 buckler
rNeg     + + .     Faith    .   R - +1 crystal plate armour of Miracles {rPois rN++ Int+2 Dex-3}
rPois    +         Spirit   .   v - +0 helmet
rElec    .         Reflect  .   r - +0 cloak
rCorr    .         Harm     .   e - +0 pair of gloves
MR       ++...                  P - +2 pair of boots
Stlth    ..........             f - amulet of rage
HPRegen  0.38/turn              m - +3 ring of strength
MPRegen  0.16/turn              l - ring of protection from magic

@: berserking (expiring), about to teleport, very slightly contaminated,
invisible (expiring), very quick
A: slimy green scales 1, camouflage 1, MP-powered wands
a: Heroism, Finesse, Renounce Religion, Evoke Berserk Rage


You were on level 3 of the Abyss.
You worshipped Okawaru.
Okawaru was extremely pleased with you.
You were not hungry.

You visited 2 branches of the dungeon, and saw 16 of its levels.
You visited the Abyss 1 time.

You collected 894 gold pieces.
You spent 133 gold pieces at shops.

Inventory:

Hand Weapons
 a - a +3 hunting sling of flaming
 b - the +9 mace of the Unstoppable People {freeze, *Slow rElec rPois rC++}
   (You found it on level 8 of the Dungeon)

   It has been specially enchanted to freeze those struck by it, causing extra
   injury to most foes and up to half again as much damage against particularly
   susceptible opponents.
   It can also slow down cold-blooded creatures.
   It greatly protects you from cold.
   It insulates you from electricity.
   It protects you from poison.
   It may slow you when you take damage.
 B - a +1 hunting sling of freezing
 F - a +4 fustibalus of flaming
 S - a +0 hand crossbow
 T - the +5 fustibalus "Motann" (weapon) {flame, rPois rC+}
   (Okawaru gifted it to you on level 14 of the Dungeon)

   It causes projectiles fired from it to burn those they strike, causing extra
   injury to most foes and up to half again as much damage against particularly
   susceptible opponents.
   It protects you from cold.
   It protects you from poison.
Missiles
 d - 49 sling bullets (quivered)
 s - 343 stones
 O - 95 bolts
Armour
 e - a +0 pair of gloves (worn)
 k - a +1 buckler (worn)
 r - a +0 cloak (worn)
 v - a +0 helmet (worn)
 H - a +3 scale mail of magic resistance
 P - a +2 pair of boots (worn)
 R - the +1 crystal plate armour of Miracles (worn) {rPois rN++ Int+2 Dex-3}
   (Okawaru gifted it to you on level 11 of the Dungeon)

   It affects your intelligence (+2).
   It affects your dexterity (-3).
   It protects you from poison.
   It greatly protects you from negative energy.
Jewellery
 f - an amulet of rage (around neck)
 l - a ring of protection from magic (right hand)
 m - a +3 ring of strength (left hand)
 p - a +3 ring of protection
 y - an uncursed ring of protection from cold
 K - a +6 ring of protection
 M - an uncursed ring of wizardry {unknown}
Wands
 q - a wand of iceblast (6)
 u - a wand of flame (14)
Scrolls
 c - a scroll of summoning
 n - 4 scrolls of identify
 t - a scroll of fear
 x - 5 scrolls of remove curse
 z - 2 scrolls of fog
 A - 2 scrolls of teleportation
 E - a scroll of amnesia
Potions
 g - 4 potions of curing
 i - a potion of degeneration
 o - 2 potions of flight
 C - a potion of might
 D - a potion of haste
 J - a potion of cancellation
 N - a potion of magic
Miscellaneous
 G - a phantom mirror
 I - a lamp of fire
 L - a phial of floods
 Q - a lamp of fire
Comestibles
 j - 18 rations


   Skills:
 + Level 11.1 Fighting
 - Level 15.3 Slings
 * Level 2.1 Crossbows
 + Level 10.9 Armour
 - Level 2.0 Dodging
 - Level 1.0 Stealth
 - Level 7.9 Invocations


You had 13 spell levels left.
You didn't know any spells.
Your spell library contained the following spells:

 Spells                   Type           Power        Failure   Level  Hunger
 Corpse Rot               Necr           N/A          100%        2    ###....
 Recall                   Summ/Tloc      N/A          100%        3    ####...
 Stone Arrow              Conj/Erth      #.....       100%        3    ####...
 Cause Fear               Hex            #.........   100%        4    #####..
 Leda's Liquefaction      Hex/Erth       #.........   100%        4    #####..
 Aura of Abjuration       Summ           #.........   100%        5    ######.
 Silence                  Hex/Air        #.........   100%        5    ######.
 Summon Demon             Summ           #.........   100%        5    ######.
 Summon Forest            Summ/Tloc      #.........   100%        5    ######.
 Summon Mana Viper        Hex/Summ       #.......     100%        5    ######.
 Yara's Violent Unravell  Hex/Tmut       #.........   100%        5    ######.
 Deflect Missiles         Chrm/Air       #.........   100%        6    #######
 Hydra Form               Tmut           #.........   100%        6    #######
 Shadow Creatures         Summ           N/A          100%        6    #######
 Summon Hydra             Summ           #.........   100%        7    #######
 Discord                  Hex            #.........   100%        8    #######


Dungeon Overview and Level Annotations

Branches:
Dungeon (15/15)            Temple (1/1) D:5            Lair (0/6) D:9
    Orc (0/2) D:12         Vaults (0/5) D:14
 Depths: D:15

Altars:
Ashenzari
Cheibriados
Dithmenos
Elyvilon
Fedhas
Gozag
Hepliaklqana
Kikubaaqudgha
Makhleb
Okawaru
Qazlal
Ru
Sif Muna
Trog
Uskayaw
Vehumet
Wu Jian
Xom
Yredelemnul
Zin
The Shining One

Shops:
D:6 [   D:7 [   D:11 ?   D:13 %

Portals:
Trove: D:13 (show abyssal rune of Zot)

Annotations:
D:13 Heck man?


Innate Abilities, Weirdness & Mutations

You are partially covered in slimy green scales. (AC +2)
Your skin changes colour to match your surroundings (Stealth+).
You expend magic power (3 MP) to strengthen your wands.


Message History

Quiver which item? (- for none, * to show all) (? for menu, Esc to quit)
Okay, then.
You are too injured to fight recklessly!
You feel better.
The starcursed mass engulfs you but does no damage.
A chorus of shrieks assaults your mind.
* * * LOW HITPOINT WARNING * * *
The starcursed mass barely misses you. The large abomination hits you!
* * * LOW HITPOINT WARNING * * *
Unknown command.
Do you really want to go berserk while wielding the +5 fustibalus "Motann" {flame, rPois rC+}?
A red film seems to cover your vision as you go berserk!
You feel yourself moving faster!
You feel mighty!
The starcursed mass engulfs you but does no damage.
The large abomination hits you but does no damage.
You feel a strong urge to attack something.
The starcursed mass engulfs you but does no damage.
The starcursed mass engulfs you but does no damage.
The large abomination hits you!!
You die...

#.#.#..# ..
..#.... ..
.....# #.
....##.
..... ... (
# ##X# .(#.
#.#@#
..((.###.#X#
#.... .tX#
... .#.X##X#
..# ##.#...
..##.. ....
... ...# #
.. ...# .. .


You could see 3 starcursed masses, an apocalypse crab and a large abomination.

Vanquished Creatures
  An ogre mage (D:14)
  3 hydras
  Erica (D:10)
  3 two-headed ogres
  A tengu warrior (D:14)
  A fire crab (shapeshifter) (D:10)
  9 slime creatures
  2 unseen horrors
  Pikel (D:4)
  An orange crystal statue (D:13)
  2 ugly things (D:13)
  A deep elf mage (D:10)
  A guardian serpent (D:14)
  2 cyclopes
  4 manticores
  A centaur zombie (D:13)
  Psyche (D:12)
  A gargoyle (D:10)
  6 centaur skeletons
  2 efreet (D:14)
  The ghost of mezmerelda the Shield-Bearer, an amateur HOFi of Yredelemnul (D:3)
  3 tengu conjurers (D:14)
  2 trolls
  A hornet (D:13)
  2 hippogriffs
  2 shadows
  2 basilisks
  2 wyverns
  2 wraiths
  28 yaks
  A human (D:7)
  4 hungry ghosts
  4 hogs (D:7)
  A steam dragon (D:14)
  3 soldier ants
  3 porcupines (D:9)
  3 sky beasts
  2 slaves (D:4)
  5 ice beasts
  A phantom (D:5)
  A necrophage (D:8)
  5 orc warriors
  A hornet zombie (D:9)
  10 ogres
  4 boggarts (D:14)
  2 crocodiles (D:9)
  8 centaurs
  3 big kobolds
  11 bullfrogs
  4 scorpions
  14 wights
  6 killer bees (D:12)
  A howler monkey (D:6)
  3 crimson imps
  A quasit (D:9)
  5 hounds
  4 jellies
  4 orc priests
  Jessica (D:2)
  2 bullfrog skeletons
  5 iguanas
  Natasha (thrice) (D:4)
  11 orc wizards
  8 worker ants
  A killer bee zombie (D:9)
  A hound zombie (D:5)
  2 hound skeletons (D:11)
  Robin (D:4)
  A worker ant zombie (D:11)
  11 adders
  5 shadow imps
  4 adder skeletons
  4 worms
  7 leopard geckos
  32 orcs
  A ball python (D:5)
  13 giant cockroaches
  15 goblins
  3 hobgoblins
  8 jackals
  19 kobolds
  2 quokkas
  7 bats
  4 frilled lizards
  2 quokka skeletons
  A quokka zombie (D:8)
  5 rats
382 creatures vanquished.

Vanquished Creatures (others)
  8 plants (D:9)
8 creatures vanquished.

Grand Total: 390 creatures vanquished

Notes
Turn   | Place    | Note
-------+----------+-------------------------------------------
     0 | D:1      | David the Human Hunter began the quest for the Orb.
     0 | D:1      | Reached XP level 1. HP: 16/16 MP: 1/1
   122 | D:1      | Reached XP level 2. HP: 22/22 MP: 2/2
   546 | D:1      | Reached XP level 3. HP: 27/27 MP: 3/3
   838 | D:2      | Noticed Jessica
   844 | D:2      | Killed Jessica
   844 | D:2      | Reached skill level 5 in Slings
   844 | D:2      | Reached XP level 4. HP: 33/33 MP: 4/4
   865 | D:2      | You fall through a shaft!
  1199 | D:3      | Noticed a sky beast
  1486 | D:4      | Noticed Natasha
  1491 | D:4      | Killed Natasha
  1491 | D:4      | Reached skill level 6 in Slings
  1491 | D:4      | Reached XP level 5. HP: 28/38 MP: 5/5
  1610 | D:4      | You fall through a shaft for 3 floors!
  1610 | D:7      | Noticed a big kobold
  1694 | D:6      | Noticed a bullfrog
  1699 | D:6      | Killed a bullfrog
  1699 | D:6      | Reached skill level 7 in Slings
  1699 | D:6      | Reached XP level 6. HP: 41/44 MP: 6/6
  1768 | D:5      | Entered Level 5 of the Dungeon
  1800 | D:5      | Noticed a phantom
  1911 | D:5      | Killed a phantom
  2014 | D:5      | Reached XP level 7. HP: 48/50 MP: 7/7
  2124 | D:5      | Reached skill level 8 in Slings
  2190 | D:5      | Gained mutation: Your skin changes colour to match your
                  | surroundings (Stealth+). [potion of mutation]
  2190 | D:5      | Gained mutation: You expend magic power (3 MP) to
                  | strengthen your wands. [potion of mutation]
  2190 | D:5      | Gained mutation: You are partially covered in slimy green
                  | scales. (AC +2) [potion of mutation]
  2275 | D:5      | Found a staircase to the Ecumenical Temple.
  2287 | Temple   | Entered the Ecumenical Temple
  2431 | Temple   | Became a worshipper of Warmaster Okawaru
  2824 | D:5      | Found a snail-covered altar of Cheibriados.
  3068 | D:4      | Noticed Robin
  3072 | D:4      | Killed Robin
  3230 | D:4      | Noticed Natasha
  3233 | D:4      | Killed Natasha
  3288 | D:4      | Found a sacrificial altar of Ru.
  3288 | D:4      | Found an ornate altar of the Wu Jian Council.
  3369 | D:4      | Found a bloodstained altar of Trog.
  3375 | D:4      | Noticed Natasha
  3407 | D:4      | Killed Natasha
  3508 | D:4      | Found a glowing golden altar of the Shining One.
  3554 | D:4      | Reached skill level 9 in Slings
  3595 | D:4      | Noticed Pikel
  3606 | D:4      | Killed Pikel
  3606 | D:4      | Reached * piety under Okawaru
  3606 | D:4      | Reached ** piety under Okawaru
  3606 | D:4      | Reached skill level 10 in Slings
  3606 | D:4      | Reached XP level 8. HP: 42/56 MP: 8/8
  4124 | D:3      | Found a runed translucent gate.
  4124 | D:3      | Found a runed translucent gate.
  4124 | D:3      | Found an opulent altar of Gozag.
  4126 | D:3      | Found a runed translucent gate.
  4126 | D:3      | Noticed mezmerelda's ghost (amateur HOFi)
  4354 | D:3      | Killed mezmerelda's ghost
  4354 | D:3      | Reached skill level 1 in Armour
  4458 | D:6      | Reached XP level 9. HP: 62/62 MP: 10/10
  4463 | D:6      | Found Ylata's Antique Armour Boutique.
  5133 | D:7      | Found Wuril's Antique Armour Shop.
  5247 | D:7      | Reached *** piety under Okawaru
  5328 | D:7      | Reached skill level 5 in Invocations
  5331 | D:7      | Reached skill level 5 in Fighting
  5331 | D:7      | Reached XP level 10. HP: 66/74 MP: 13/13
  6073 | D:8      | Got an ebony mace
  6074 | D:8      | Identified the +9 mace of the Unstoppable People {freeze,
                  | *Slow rElec rPois rC++} (You found it on level 8 of the
                  | Dungeon)
  6141 | D:8      | Reached **** piety under Okawaru
  6226 | D:8      | Reached skill level 5 in Armour
  6382 | D:8      | Found a glowing silver altar of Zin.
  6778 | D:9      | Received a gift from Okawaru
  6783 | D:9      | Reached skill level 11 in Slings
  6927 | D:9      | Noticed a six-headed hydra
  6944 | D:9      | Killed a six-headed hydra
  7103 | D:9      | Found a staircase to the Lair.
  7127 | D:9      | Reached ***** piety under Okawaru
  7238 | D:9      | Reached XP level 11. HP: 83/83 MP: 16/16
  7256 | D:9      | Received a gift from Okawaru
  7467 | D:9      | Received a gift from Okawaru
  7574 | D:9      | Found a deep blue altar of Sif Muna.
  7657 | D:9      | Noticed a two-headed ogre
  7673 | D:9      | Killed a two-headed ogre
  7818 | D:10     | Entered Level 10 of the Dungeon
  7852 | D:10     | Noticed Erica
  7873 | D:10     | Killed an unseen horror
  7873 | D:10     | Reached skill level 12 in Slings
  7884 | D:10     | Killed Erica
  7884 | D:10     | Received a gift from Okawaru
  8608 | D:10     | Noticed a fire crab
  8614 | D:10     | Noticed a deep elf mage
  8618 | D:10     | Received a gift from Okawaru
  8634 | D:10     | Killed a fire crab
  8634 | D:10     | Reached skill level 13 in Slings
  8638 | D:10     | Noticed a soul eater
  8641 | D:10     | Killed a deep elf mage
  8778 | D:10     | Reached XP level 12. HP: 91/91 MP: 17/17
  9327 | D:11     | Received a gift from Okawaru
  9530 | D:11     | Found Lugyuvun's Magic Scroll Emporium.
  9686 | D:11     | Received a gift from Okawaru
  9687 | D:11     | Got a fine crystal plate armour {god gift}
  9705 | D:11     | Identified the +1 crystal plate armour of Miracles {rPois
                  | rN++ Int+2 Dex-3} (Okawaru gifted it to you on level 11 of
                  | the Dungeon)
  9978 | D:11     | Got a heavily runed chain mail
  9989 | D:11     | Identified the cursed +1 chain mail "Haittuca" {*Corrode
                  | rN+ Dex+5 SInv} (You found it on level 11 of the Dungeon)
 10293 | D:11     | Bought a scroll of summoning for 133 gold pieces
 10532 | D:12     | Killed an unseen horror
 10532 | D:12     | Reached skill level 14 in Slings
 10877 | D:12     | Found a staircase to the Orcish Mines.
 10920 | D:12     | Noticed Psyche
 10929 | D:12     | Killed Psyche
 11580 | D:13     | Found a portal to a secret trove of treasure.
 11614 | D:13     | Found Onlauc's Food Shoppe.
 11720 | D:13     | Found a radiant altar of Vehumet.
 11833 | D:13     | Reached XP level 13. HP: 15/101 MP: 10/18
 12418 | D:13     | Noticed a centaur warrior
 12823 | D:13     | Received a gift from Okawaru
 12937 | D:14     | Reached skill level 10 in Fighting
 12968 | D:14     | Noticed an ogre mage
 12984 | D:14     | Killed an ogre mage
 12984 | D:14     | Reached skill level 10 in Armour
 12994 | D:14     | Found a gate to the Vaults.
 13057 | D:14     | Reached skill level 15 in Slings
 13291 | D:14     | Received a gift from Okawaru
 13355 | D:14     | Found a gate leading to a gauntlet.
 13389 | D:14     | Noticed a six-headed hydra
 13395 | D:14     | Killed a six-headed hydra
 13597 | D:14     | Noticed a seven-headed hydra
 13604 | D:14     | Killed a seven-headed hydra
 13775 | D:14     | Received a gift from Okawaru
 13776 | D:14     | Got a warped fustibalus {god gift}
 13869 | D:14     | Identified the +5 fustibalus "Motann" {flame, rPois rC+}
                  | (Okawaru gifted it to you on level 14 of the Dungeon)
 14095 | D:14     | Found an opulent altar of Gozag.
 14136 | D:15     | Entered Level 15 of the Dungeon
 14138 | D:15     | Reached XP level 14. HP: 111/111 MP: 19/19
 14155 | D:15     | Reached skill level 1 in Crossbows
 14380 | D:15     | Cast into level 2 of the Abyss (a wizard)
 14428 | Abyss:2  | Noticed a starcursed mass
 14485 | Abyss:3  | Noticed a starcursed mass
 14506 | Abyss:3  | Slain by a large abomination

Vault maps used:
D:1:      kennysheep_arrival_seaside, minmay_door_square, serial_bayou_pond_a
D:2:      old_standard_altar, first_ration, uniq_jessica
D:3:      minmay_roachtagon, ebering_ghost_gozag
D:4:      tso_altar, chequers_temple_overflow_statue_of_worship,
          trog_three_pillars_becter, uniq_robin, uniq_natasha, uniq_pikel
D:5:      cheibriados_altar_1, minmay_temple_entry_glassed_door
D:6:      serial_shops, shop, st_stairs_3, grunt_decor_resistance,
          minmay_fountain_box
D:7:      chequers_ossuary_entry_cave, serial_shops, shop, grunt_livestock
D:8:      zin_treasury
D:9:      lemuel_blue_sif_altar, minmay_lair_entry_grove
D:10:     minmay_the_grid_triangle_9x9_rhombus_thin, serial_co_window_serial,
          co_window_paths_a, co_window_paths_a, co_window_paths_a,
          co_window_paths_b, co_window_cross_1, co_window_paths_a,
          co_window_of_opportunity_a, co_window_broadway_c, co_window_corner_ca,
          co_window_broadway_a, glass_columns_c, glass_columns_a,
          glass_columns_a, glass_columns_a, uniq_erica
D:11:     serial_shops, nicolae_shop_trees
D:12:     orc_0_dummy, chequers_serial_rivers_large_a, uniq_psyche
D:13:     serial_shops, shop, nicolae_trove_entry_crystal, basic_altar,
          minmay_statue_bubble
D:14:     david_vaults_2, gauntlet_entry_generic, lemuel_coloured_pillars_altar,
          fake_guardian_serpent_vault
D:15:     grunt_enter_depths_snipers, chequers_serial_rivers_small_b,
          minmay_misc_feat_rugged
Temple:   regret_index_temple_waves
Abyss:2:  evilmike_abyss_exit_vortex
Abyss:3:  evilmike_abyss_exit_mutagenic,
          hangedman_grunt_abyss_rune_horror_hoard, evilmike_abyss_exit_17

Skill      XL: |  1  2  3  4  5  6  7  8  9 10 11 12 13 14 |
---------------+-------------------------------------------+-----
Slings         | 5 6 7 10 11 13 14 15 | 15.3
Armour         | 1 4 6 7 9 10 | 10.9
Invocations    | 2 5 7 |  7.9
Fighting       | 5 6 7 9 10 11 | 11.1
Crossbows      | 2 |  2.1
Dodging        | |  2.0
Stealth        | |  1.0

Action                   |  1- 3 |  4- 6 |  7- 9 | 10-12 | 13-15 || total
-------------------------+-------+-------+-------+-------+-------++-------
Melee: Short sword       |       |       |    10 |       |       ||    10
       Mace              |       |       |       |    14 |       ||    14
       Hunting sling     |       |       |       |     1 |       ||     1
 Fire: Hunting sling     |    70 |   124 |   347 |   839 |   177 ||  1557
       Fustibalus        |       |       |       |       |   276 ||   276
Invok: Heroism           |       |       |     2 |     7 |     4 ||    13
       Finesse           |       |       |       |     6 |     5 ||    11
  Use: Scroll            |     3 |     5 |     7 |    12 |     4 ||    31
       Potion            |       |     1 |     4 |     3 |     3 ||    11
  Eat: Ration            |       |     1 |     3 |     6 |     2 ||    12
       Chunk             |       |       |       |     2 |       ||     2
Armor: Leather armour    |     3 |    12 |    26 |    18 |       ||    59
       Troll leather arm |       |       |       |    46 |       ||    46
       Crystal plate arm |       |       |       |   139 |   114 ||   253
       Scale mail        |       |       |       |    51 |       ||    51
       Skin              |       |       |       |     2 |     2 ||     4
Dodge: Dodged            |     4 |    27 |    44 |    84 |    18 ||   177
Block: Buckler           |       |     5 |    29 |    58 |    21 ||   113

Table legend:
 A = Non-vault XP
 B = Vault XP
 C = Vault XP percentage of total XP
 D = Non-vault monster count
 E = Vault monster count
 F = Vault count percentage of total count
                 A         B        C        D         E       F
            +---------+---------+-------+---------+---------+-------
      Total |   36700 |   11422 |  23.7 |     322 |      58 |  15.3
            +---------+---------+-------+---------+---------+-------
        D:1 |      29 |       0 |   0.0 |      18 |       0 |   0.0
        D:2 |      11 |      37 |  77.1 |       5 |       1 |  16.7
        D:3 |     113 |     367 |  76.5 |      20 |      11 |  35.5
        D:4 |     134 |     698 |  83.9 |       9 |      12 |  57.1
        D:5 |     394 |       0 |   0.0 |      18 |       0 |   0.0
        D:6 |     548 |      35 |   6.0 |      11 |       1 |   8.3
        D:7 |     788 |     973 |  55.3 |      29 |       5 |  14.7
        D:8 |     430 |       0 |   0.0 |      10 |       0 |   0.0
        D:9 |    4362 |    1984 |  31.3 |      25 |      13 |  34.2
       D:10 |    2199 |    2945 |  57.3 |      14 |       9 |  39.1
       D:11 |    3890 |       0 |   0.0 |      44 |       0 |   0.0
       D:12 |    3435 |     439 |  11.3 |      29 |       1 |   3.3
       D:13 |    8033 |     617 |   7.1 |      41 |       1 |   2.4
       D:14 |    9755 |    3327 |  25.4 |      39 |       4 |   9.3
       D:15 |    2579 |       0 |   0.0 |      10 |       0 |   0.0
            +---------+---------+-------+---------+---------+-------
